 Dungeon Crawl Stone Soup version 0.23-a0-650-ga4d50d4d25 (webtiles) character file.

83097 Napalmbreeze the Severer (level 15, -1/140 HPs)
             Began as a Deep Dwarf Fighter on Jan 4, 2019.
             Was the Champion of Makhleb.
             Killed from afar by a balrug (44 damage)
             ... with a bolt of fire
             ... summoned by the player character
             ... on level 2 of the Orcish Mines.
             The game lasted 00:56:30 (20785 turns).

Napalmbreeze the Severer (Deep Dwarf Fighter)      Turns: 20785, Time: 00:56:31

Health: -1/140     AC: 22    Str: 25    XL:     15   Next: 31%
Magic:  11/11      EV: 12    Int: 10    God:    Makhleb [******]
Gold:   2286       SH: 16    Dex: 12    Spells: 14/14 levels left

rFire    . . .     SeeInvis .   y - +2 hand axe (elec)
rCold    . . .     Gourm    .   c - +0 shield
rNeg     + . .     Faith    .   m - +0 chain mail
rPois    .         Spirit   .   O - +0 helmet
rElec    .         Reflect  +   B - +0 cloak
rCorr    .         Harm     .   t - +0 pair of gloves
MR       ++...                  k - +2 pair of boots
Stlth    ..........             C - +3 amulet of reflection
HPRegen  0.00/turn              A - +3 ring of slaying
MPRegen  0.12/turn              G - +2 ring of evasion

@: very slightly contaminated, non-regenerating
A: damage resistance, heal wounds, molten scales 1, mutation resistance 1,
negative energy resistance 1, sense surroundings 2, no regeneration
a: Heal Wounds, Minor Destruction, Lesser Servant of Makhleb, Major Destruction,
Greater Servant of Makhleb, Renounce Religion


You were on level 2 of the Orcish Mines.
You worshipped Makhleb.
Makhleb was exalted by your worship.
You were hungry.

You visited 3 branches of the dungeon, and saw 23 of its levels.
You also visited: Sewer and Bailey.

You collected 2314 gold pieces.
You spent 28 gold pieces at shops.

Inventory:

Hand Weapons
 y - a +2 hand axe of electrocution (weapon)
 S - a +2 war axe of flaming
Armour
 c - a +0 shield (worn)
 k - a +2 pair of boots (worn)
 m - a +0 chain mail (worn)
 t - a +0 pair of gloves (worn)
 B - a +0 cloak (worn)
 O - a +0 helmet (worn)
Jewellery
 a - an uncursed ring of fire
 A - a +3 ring of slaying (left hand)
 C - a +3 amulet of reflection (around neck)
 G - a +2 ring of evasion (right hand)
 M - an uncursed ring of ice
 P - an uncursed ring of positive energy
Wands
 z - a wand of clouds (12)
 D - a wand of digging (9)
 H - a wand of acid (9)
 R - a wand of iceblast (30)
Scrolls
 b - 5 scrolls of identify
 e - 13 scrolls of teleportation
 j - 3 scrolls of enchant weapon
 l - 4 scrolls of fear
 s - 3 scrolls of enchant armour
 v - a scroll of immolation {unknown}
 w - 4 scrolls of fog
 x - a scroll of noise {unknown}
 L - a scroll of acquirement {unknown}
 V - 3 scrolls of summoning
 W - 7 scrolls of remove curse
Potions
 d - 3 potions of might
 g - 2 potions of brilliance
 h - 11 potions of curing
 i - 4 potions of flight {unknown}
 n - 12 potions of heal wounds
 o - 2 potions of invisibility
 p - a potion of ambrosia {unknown}
 q - 4 potions of haste
 r - 6 potions of magic
 u - 4 potions of degeneration {unknown}
 F - 3 potions of berserk rage
 I - a potion of experience {unknown}
 J - 2 potions of agility {unknown}
 K - 2 potions of lignification {unknown}
 N - 2 potions of mutation
 T - 2 potions of resistance {unknown}
 X - a potion of cancellation {unknown}
Comestibles
 f - 28 rations


   Skills:
 + Level 10.8 Fighting
 - Level 16.8 Axes
 + Level 12.6 Armour
 - Level 4.8 Dodging
 + Level 12.7 Shields
 + Level 13.1 Invocations


You had 14 spell levels left.
You didn't know any spells.
Your spell library contained the following spells:

 Spells                   Type           Power        Failure   Level  Hunger
 Animate Skeleton         Necr           N/A          92%         1    ##.....
 Beastly Appendage        Tmut           #.....       92%         1    ##.....
 Corona                   Hex            #......      92%         1    ##.....
 Freeze                   Ice            #...         92%         1    ##.....
 Infusion                 Chrm           #...         92%         1    ##.....
 Pain                     Necr           #...         92%         1    ##.....
 Sandblast                Erth           #.....       92%         1    ##.....
 Ensorcelled Hibernation  Hex/Ice        #.....       98%         2    ###....
 Passwall                 Tmut/Erth      #.......     98%         2    ###....
 Shroud of Golubria       Chrm/Tloc      #.........   98%         2    ###....
 Song of Slaying          Chrm           #.......     98%         2    ###....
 Sticks to Snakes         Tmut           #.......     98%         2    ###....
 Swiftness                Chrm/Air       #.......     98%         2    ###....
 Throw Frost              Conj/Ice       #.....       98%         2    ###....
 Confuse                  Hex            #.......     100%        3    ####...
 Dazzling Spray           Conj/Hex       #.....       100%        3    ####...
 Ozocubu's Armour         Chrm/Ice       #.......     100%        3    ####...
 Spectral Weapon          Hex/Chrm       #.......     100%        3    ####...
 Spider Form              Tmut/Pois      #.........   100%        3    ####...
 Stone Arrow              Conj/Erth      #.....       100%        3    ####...
 Tukima's Dance           Hex            #.......     100%        3    ####...
 Vampiric Draining        Necr           #.........   100%        3    ####...
 Animate Dead             Necr           N/A          100%        4    #####..
 Ice Form                 Ice/Tmut       #.......     100%        4    #####..
 Passage of Golubria      Tloc           N/A          100%        4    #####..
 Petrify                  Tmut/Erth      #.......     100%        4    #####..
 Summon Ice Beast         Ice/Summ       #.......     100%        4    #####..
 Throw Icicle             Conj/Ice       #.......     100%        4    #####..
 Blade Hands              Tmut           #.........   100%        5    ######.
 Lee's Rapid Deconstruct  Erth           #.........   100%        5    ######.
 Darkness                 Hex            #.........   100%        6    #######
 Invisibility             Hex            #.......     100%        6    #######
 Regeneration             Chrm/Necr      Unusable     N/A         3    N/A

Dungeon Overview and Level Annotations

Branches:
Dungeon (15/15)            Temple (0/1) D:6            Lair (6/6) D:10
 Shoals (0/4) Lair:2       Spider (0/4) Lair:2        Slime (0/5) Lair:5
    Orc (2/2) D:10            Elf (0/3) Orc:2        Vaults (0/5) D:13
 Depths (0/5) D:15

Altars:
Ashenzari
Cheibriados
Dithmenos
Elyvilon
Fedhas
Kikubaaqudgha
Makhleb
Okawaru
Qazlal
Sif Muna
Trog
Uskayaw
Vehumet
Yredelemnul
The Shining One
Jiyva

Shops:
D:8 *

Annotations:
D:2 Sigmund
D:9 1 runed door, Shaidar's ghost, journeyman MiBe
D:11 3 runed doors, Napalmbreeze's ghost, journeyman DDMo; guttsta's ghost, journeyman HOFi
D:13 exclusion: oklob plant
D:14 4 runed doors
Orc:2 3 runed doors, Flugkiller's ghost, journeyman DESu; guttsta's ghost, journeyman HOFE


Innate Abilities, Weirdness & Mutations

You are resistant to damage.
You can heal yourself by infusing magical energy.
You resist negative energy. (rN+)
You passively map the area around you.
You do not regenerate.
You are partially covered in molten scales. (AC +2)
You are somewhat resistant to further mutation.


Message History

Beogh smites you!
The orc priest calls down the wrath of Beogh upon you.
Beogh smites you! The balrug gestures at you.
The fireball explodes!
The fireball engulfs you!
* * * LOW HITPOINT WARNING * * *
You hear a shout!
Things that are here:
a +0 hand axe; a +0 ring mail; an orc corpse Unknown command.
You feel much better.
The orc wizard no longer looks unusually strong.
The orc priest mumbles some strange prayers to Beogh against you.
Beogh smites you!
* * * LOW HITPOINT WARNING * * *
You feel much better.
The orc priest looks encouraged for a moment.
The balrug gestures at you. The bolt of fire hits you!
You die...

* ##.#.o)2........ ,*
####$..........,
*#...o2......# * *
##..o........ *
......o........ ###
*#..............
##.#####o..........#.
**
#....#.#o............,
, *
##..)@2.o.o...$......
, ,
###.#.#o...#...#.... ,
####....##...#...# *
*#.### *, , ## * , , ,
, ,, ** , ,


You could see a balrug, an orc knight, an orc priest, an orc wizard and an orc.

Vanquished Creatures
  An ironheart preserver (D:13)
  Nessos (Lair:5)
  Harold (D:8)
  6 hydras
  7 centaur warriors
  5 two-headed ogres
  A deep troll shaman (Lair:6)
  A tengu warrior (D:13)
  A death knight (D:13)
  3 death yaks
  A fire crab (shapeshifter) (D:15)
  8 skeletal warriors
  A glowing orange brain (D:15)
  An unseen horror (D:14)
  Pikel (D:8)
  A deep elf mage (D:15)
  An orb spider (Lair:2)
  3 manticores
  A wolf spider (D:13)
  3 cyclopes
  2 ugly things
  6 elephants
  4 black mambas
  A black mamba (shapeshifter) (D:15)
  A gargoyle (D:12)
  Maurice (D:8)
  Psyche (D:8)
  4 centaur zombies
  13 spiny frogs
  5 komodo dragons
  A rime drake (Lair:6)
  4 yaktaurs (D:15)
  2 efreet
  A komodo dragon (shapeshifter) (D:15)
  A wolf spider simulacrum (D:14)
  A tengu conjurer (D:13)
  2 polar bears
  5 trolls
  A harpy skeleton (D:14)
  7 hippogriffs
  6 blink frogs
  10 slime creatures
  4 shadows
  A water elemental (D:14)
  8 wyverns
  2 wraiths
  2 hungry ghosts
  A fire elemental (D:14)
  A human (D:9)
  A fire bat (shapeshifter) (D:15)
  3 basilisks
  3 steam dragons
  56 yaks
  2 hogs (D:9)
  5 wargs
  Menkaure (D:5)
  4 vampire mosquitoes (D:13)
  2 insubstantial wisps (D:11)
  9 water moccasins
  9 porcupines
  10 orc warriors
  4 black bears
  A floating eye (shapeshifter) (D:15)
  Purgy (Sewer)
  4 phantoms
  2 slaves (D:8)
  6 ice beasts
  11 ogres
  6 sky beasts
  A hornet zombie (D:15)
  3 necrophages
  21 centaurs
  11 crocodiles
  18 wolves
  Blork the orc (D:5)
  A big kobold (D:7)
  15 bullfrogs
  A wyvern zombie (D:7)
  3 scorpions
  A wyvern skeleton (D:14)
  A hornet simulacrum (D:9)
  7 killer bees
  20 wights
  An electric eel (D:9)
  A howler monkey (D:9)
  10 crimson imps
  A quasit (D:13)
  4 bullfrog zombies
  8 centaur skeletons
  5 hounds
  11 jellies
  10 orc priests
  Terence (D:2)
  Ijyb (D:5)
  2 iguanas (D:6)
  11 orc wizards
  10 worker ants
  A centaur simulacrum (D:9)
  A hound zombie (D:10)
  A hound skeleton (D:8)
  3 worker ant zombies
  24 gnolls
  12 adders
  6 shadow imps
  6 white imps (D:9)
  A worker ant simulacrum (D:9)
  An ufetubus (D:9)
  17 oozes
  An adder zombie (D:6)
  3 worms
  5 dart slugs
  5 leopard geckos
  49 orcs
  5 ball pythons
  7 giant cockroaches
  15 hobgoblins
  13 jackals
  3 quokkas
  3 bats
  7 frilled lizards
  12 goblins
  15 kobolds
  5 rats
  4 fungi
  8 plants
699 creatures vanquished.

Vanquished Creatures (collateral kills)
  Snorg (D:10)
  2 hydras
  A catoblepas (Lair:6)
  6 death yaks
  Nergalle (Lair:3)
  A fire crab (Lair:3)
  A black mamba (Lair:3)
  An elephant (Lair:6)
  A spiny frog (Lair:3)
  A rime drake (Lair:5)
  3 blink frogs (Lair:1)
  2 yaks (Lair:6)
  A water moccasin (Lair:3)
  2 black bears
  A bullfrog (Lair:3)
  2 wights (D:10)
  A fungus (Lair:6)
  2 plants (Lair:6)
30 creatures vanquished.

Vanquished Creatures (others)
  A human (D:4)
  2 centaurs
  An orc priest (D:13)
  A hobgoblin (Bailey)
  6 kobolds
  18 fungi
  13 plants
  A withered plant (Orc:2)
43 creatures vanquished.

Grand Total: 772 creatures vanquished

Notes
Turn   | Place    | Note
-------+----------+-------------------------------------------
     0 | D:1      | Napalmbreeze the Deep Dwarf Fighter began the quest for the
                  | Orb.
     0 | D:1      | Reached XP level 1. HP: 20/20 MP: 1/1
   115 | D:1      | Reached XP level 2. HP: 25/27 MP: 2/2
   748 | D:2      | Noticed Sigmund
  1054 | D:2      | Reached XP level 3. HP: 33/33 MP: 2/2
  1256 | D:2      | Reached skill level 3 in Axes
  1387 | D:2      | Reached skill level 1 in Dodging
  1589 | D:2      | Gained mutation: You are partially covered in molten
                  | scales. (AC +2) [potion of mutation]
  1589 | D:2      | Gained mutation: You are somewhat resistant to further
                  | mutation. [potion of mutation]
  1678 | D:2      | Found a radiant altar of Vehumet.
  1721 | D:2      | Noticed Terence
  1746 | D:2      | Killed Terence
  1746 | D:2      | Reached XP level 4. HP: 26/42 MP: 3/3
  1991 | D:3      | Reached XP level 5. HP: 22/49 MP: 4/4
  2063 | D:3      | Reached skill level 4 in Axes
  2504 | D:3      | Found a basalt altar of Yredelemnul.
  3002 | D:4      | Reached XP level 6. HP: 38/56 MP: 4/4
  3105 | D:4      | Reached skill level 5 in Axes
  3582 | D:4      | Found an ancient bone altar of Kikubaaqudgha.
  3801 | D:4      | Reached XP level 7. HP: 59/63 MP: 4/4
  3965 | D:4      | Noticed a human
  3966 | D:4      | Killed a human
  3977 | D:5      | Entered Level 5 of the Dungeon
  3977 | D:5      | Noticed Menkaure
  3986 | D:5      | Killed Menkaure
  3986 | D:5      | Reached skill level 6 in Axes
  3986 | D:5      | Reached skill level 5 in Armour
  3986 | D:5      | Reached skill level 5 in Shields
  3999 | D:5      | Found a blossoming altar of Fedhas.
  4031 | D:5      | Noticed Ijyb
  4050 | D:5      | Killed Ijyb
  4068 | D:5      | Found a glowing drain.
  4077 | Sewer    | Entered a sewer
  4129 | Sewer    | Noticed Purgy
  4140 | Sewer    | Killed Purgy
  4140 | Sewer    | Reached XP level 8. HP: 58/73 MP: 5/5
  4319 | D:5      | Noticed Blork the orc
  4349 | D:5      | Killed Blork the orc
  4596 | D:5      | Found a deep blue altar of Sif Muna.
  4777 | D:5      | HP: 3/73 [steam dragon] (8)]
  4975 | D:5      | Found a shadowy altar of Dithmenos.
  4982 | D:5      | Found a snail-covered altar of Cheibriados.
  4990 | D:5      | Found a burning altar of Makhleb.
  4994 | D:5      | Became a worshipper of Makhleb the Destroyer
  5000 | D:5      | Found a bloodstained altar of Trog.
  5005 | D:5      | Found an iron altar of Okawaru.
  5018 | D:5      | Reached skill level 7 in Axes
  5021 | D:5      | Found a glowing golden altar of the Shining One.
  5028 | D:5      | Found a white marble altar of Elyvilon.
  5327 | D:6      | Reached skill level 5 in Fighting
  5477 | D:6      | Gained mutation: You passively map the area around you.
                  | [Deep Dwarf growth]
  5477 | D:6      | Reached XP level 9. HP: 51/81 MP: 4/4
  5660 | D:6      | Found a shattered altar of Ashenzari.
  5825 | D:6      | Found a stormy altar of Qazlal.
  5875 | D:6      | Found a staircase to the Ecumenical Temple.
  5956 | D:6      | Reached skill level 8 in Axes
  6082 | D:7      | Reached skill level 1 in Invocations
  6085 | D:7      | Reached * piety under Makhleb
  6640 | D:8      | Found Kucuboug's General Store.
  6641 | D:8      | Noticed Maurice
  6646 | D:8      | Killed Maurice
  6646 | D:8      | Reached skill level 9 in Axes
  6654 | D:8      | Bought a scroll of identify for 28 gold pieces
  6954 | D:8      | Noticed Harold
  6957 | D:8      | Noticed Psyche
  6966 | D:8      | Killed Psyche
  6972 | D:8      | Killed Harold
  6972 | D:8      | Reached XP level 10. HP: 75/91 MP: 5/7
  6989 | D:8      | Noticed Pikel
  7006 | D:8      | Killed Pikel
  7006 | D:8      | Reached ** piety under Makhleb
  7006 | D:8      | Reached skill level 10 in Axes
  7105 | D:8      | Reached skill level 5 in Invocations
  7845 | D:9      | Found a runed door.
  7846 | D:9      | Noticed Shaidar's ghost (journeyman MiBe)
  7846 | D:9      | Identified the +7 trident of Accidental Termination {flame,
                  | Int+3}
  8085 | D:9      | Noticed a two-headed ogre
  8095 | D:9      | Killed a two-headed ogre
  8095 | D:9      | Reached skill level 11 in Axes
  8185 | D:9      | Reached *** piety under Makhleb
  8280 | D:9      | Reached XP level 11. HP: 91/99 MP: 8/8
  8558 | D:10     | Entered Level 10 of the Dungeon
  8688 | D:10     | Found a hide-covered altar of Uskayaw.
  8698 | D:10     | Found a staircase to the Orcish Mines.
  8725 | D:10     | Found a flagged portal.
  8732 | Bailey   | Entered a bailey
  8752 | Bailey   | Reached **** piety under Makhleb
  9079 | D:10     | Noticed Snorg
  9094 | D:10     | Killed Snorg
  9222 | D:10     | Noticed a two-headed ogre
  9232 | D:10     | Killed a two-headed ogre
  9252 | D:10     | Found a staircase to the Lair.
  9274 | D:10     | Reached skill level 12 in Axes
  9705 | Lair:1   | Entered Level 1 of the Lair of Beasts
  9825 | Lair:1   | Reached XP level 12. HP: 110/110 MP: 11/11
  9939 | Lair:1   | Noticed a four-headed hydra
  9959 | Lair:1   | Killed a five-headed hydra
 10642 | Lair:2   | Found a staircase to the Shoals.
 10874 | Lair:2   | Found a hole to the Spider Nest.
 11260 | Lair:2   | Reached skill level 13 in Axes
 11403 | Lair:2   | Reached ***** piety under Makhleb
 11763 | Lair:2   | Reached skill level 10 in Shields
 11788 | Lair:3   | Noticed Nergalle
 11804 | Lair:3   | Noticed a four-headed hydra
 11806 | Lair:3   | Reached skill level 10 in Armour
 12164 | Lair:3   | Killed Nergalle
 12168 | Lair:3   | Killed a five-headed hydra
 12729 | Lair:4   | Noticed a five-headed hydra
 12741 | Lair:4   | Killed a five-headed hydra
 12819 | Lair:4   | Reached skill level 10 in Invocations
 12914 | Lair:4   | Reached XP level 13. HP: 116/120 MP: 12/12
 13155 | Lair:4   | Reached skill level 14 in Axes
 13253 | Lair:5   | Noticed Nessos
 13253 | Lair:5   | You fall through a shaft!
 13253 | Lair:6   | Entered Level 6 of the Lair of Beasts
 13831 | Lair:5   | Killed Nessos
 14123 | Lair:5   | Found a staircase to the Slime Pits.
 14124 | Lair:5   | Found a viscous altar of Jiyva.
 15092 | Lair:6   | Reached skill level 15 in Axes
 15779 | D:11     | Gained mutation: You resist negative energy. (rN+) [Deep
                  | Dwarf growth]
 15779 | D:11     | Reached XP level 14. HP: 84/130 MP: 11/11
 16261 | D:11     | Found a runed gate.
 16261 | D:11     | Found a runed gate.
 16261 | D:11     | Found a runed gate.
 16261 | D:11     | Noticed Napalmbreeze's ghost (journeyman DDMo)
 16262 | D:11     | Noticed guttsta's ghost (journeyman HOFi)
 16263 | D:11     | Found the +7 great mace "Firestarter" {inner flame, rF++}
 16957 | D:12     | Reached skill level 10 in Fighting
 17416 | D:13     | Noticed an ironheart preserver
 17449 | D:13     | Killed an ironheart preserver
 17475 | D:13     | Found a gate to the Vaults.
 17567 | D:13     | Reached skill level 16 in Axes
 18346 | D:14     | Found a runed door.
 18357 | D:14     | Found a runed door.
 18373 | D:14     | Found a runed door.
 18383 | D:14     | Found a runed door.
 18830 | D:14     | Reached XP level 15. HP: 125/140 MP: 13/13
 19067 | D:15     | Entered Level 15 of the Dungeon
 19102 | D:15     | Reached ****** piety under Makhleb
 19209 | D:15     | Paralysed by a floating eye for 3 turns
 19856 | D:15     | Found a staircase to the Depths.
 20060 | Orc:1    | Entered Level 1 of the Orcish Mines
 20119 | Orc:2    | Entered Level 2 of the Orcish Mines
 20694 | Orc:2    | Found a runed gate.
 20713 | Orc:2    | Found a staircase to the Elven Halls.
 20714 | Orc:2    | Found a runed gate.
 20714 | Orc:2    | Found a runed gate.
 20717 | Orc:2    | Noticed guttsta's ghost (journeyman HOFE)
 20717 | Orc:2    | Noticed Flugkiller's ghost (journeyman DESu)
 20783 | Orc:2    | HP: 5/140 [balrug/fireball[the player character] (44)]
 20785 | Orc:2    | Killed from afar by a balrug

Vault maps used:
D:1:      wander_arrival_estate
D:2:      vehumet_crystals, uniq_terence, uniq_sigmund
D:3:      yredelemnul_altar_generic, kennysheep_generic_room_11
D:4:      hangedman_decor_opposing, tgw_kikubaaqudgha
D:5:      kennysheep_steamy, lemuel_doored_altar, kennysheep_mini_moat,
          grunt_temple_overflow_octagram, first_ration, portal_sewer_entry_d,
          uniq_ijyb, uniq_menkaure, uniq_blork_the_orc
D:6:      nicolae_qazlal_style_of_elements, marbit_many_paths,
          minmay_temple_entry_trees
D:8:      serial_shops, nicolae_shop_statue_plus, uniq_psyche, uniq_pikel,
          uniq_harold, uniq_maurice
D:9:      serial_ice, serial_ice_c, serial_ice_m, serial_ice_b, serial_ice_j,
          serial_ice_f, serial_ice_g, serial_ice_n, serial_ice_d,
          ebering_ghost_funeral_grove, grunt_livestock,
          ebering_dispersal_statue_hall
D:10:     grunt_lair_entry_orc_guard_hut, minmay_orc_entry_guard_dogs,
          enter_bailey_1, basic_altar, uniq_snorg
D:11:     serial_shops, bzr_firewalk, gammafunk_ghost_cemetery,
          hangedman_misty_isle
D:13:     lemuel_slime, skrybe_vaults_entry_preservation
D:14:     nicolae_lava_and_water, minmay_statue_crystal_thing
D:15:     gammafunk_enter_depths_forms, kennysheep_pointless_box
Lair:1:   lemuel_old_faithful
Lair:2:   minmay_shoals_entry_beasts, nicolae_spider_entry_orb_guardian,
          st_stairs_9
Lair:3:   uniq_nergalle
Lair:4:   chequers_serial_rivers_micro_b
Lair:5:   slime_altar_1, grunt_megastairs_3, uniq_nessos
Lair:6:   grunt_lair_end_beastmaster, grunt_megastairs_1
Orc:2:    grunt_orc_tribal_feast, basic_altar, gammafunk_ghost_cemetery
Sewer:    sewer_co_purgy_island
Bailey:   bailey_axe_2, bailey

Skill      XL: |  1  2  3  4  5  6  7  8  9 10 11 12 13 14 15 |
---------------+----------------------------------------------+-----
Axes           | 3 4 5 6 7 9 11 12 13 15 16 | 16.8
Dodging        | 1 2 3 4 |  4.8
Fighting       | 3 4 5 6 7 8 9 10 | 10.8
Armour         | 4 5 6 7 8 9 10 11 12 | 12.6
Shields        | 4 5 6 7 8 9 10 11 12 | 12.7
Invocations    | 4 6 8 10 11 12 13 | 13.1

Action                   |  1- 3 |  4- 6 |  7- 9 | 10-12 | 13-15 || total
-------------------------+-------+-------+-------+-------+-------++-------
Melee: War axe           |   170 |   208 |   392 |   670 |   707 ||  2147
       Whip              |       |       |       |    33 |    66 ||    99
       Hand axe          |       |       |       |       |   394 ||   394
Invok: Lesser Servant of |       |       |       |     8 |    17 ||    25
       Greater Servant o |       |       |       |       |     1 ||     1
 Abil: Heal Wounds       |     1 |     6 |    11 |     8 |    15 ||    41
  Use: Potion            |     2 |       |     2 |       |     1 ||     5
       Scroll            |       |     4 |     6 |     4 |    11 ||    25
 Stab: Distracted        |       |       |       |     3 |     7 ||    10
       Petrified         |       |       |       |       |     2 ||     2
  Eat: Chunk             |     3 |     7 |     8 |    15 |    16 ||    49
       Ration            |       |       |     1 |     3 |     3 ||     7
Armor: Scale mail        |   108 |   127 |    78 |       |       ||   313
       Chain mail        |       |       |    69 |   352 |   371 ||   792
Dodge: Dodged            |    55 |    84 |   126 |   266 |   307 ||   838
Block: Shield            |    93 |   122 |   221 |   522 |   701 ||  1659
       Reflection        |       |       |     9 |    34 |    39 ||    82

Table legend:
 A = Non-vault XP
 B = Vault XP
 C = Vault XP percentage of total XP
 D = Non-vault monster count
 E = Vault monster count
 F = Vault count percentage of total count
                 A         B        C        D         E       F
            +---------+---------+-------+---------+---------+-------
      Total |   91559 |   27152 |  22.9 |     559 |     161 |  22.4
            +---------+---------+-------+---------+---------+-------
        D:1 |      37 |       0 |   0.0 |      18 |       0 |   0.0
        D:2 |      64 |      38 |  37.3 |      24 |       1 |   4.0
        D:3 |     328 |       3 |   0.9 |      33 |       2 |   5.7
        D:4 |     540 |       0 |   0.0 |      26 |       0 |   0.0
        D:5 |     239 |     702 |  74.6 |       6 |       6 |  50.0
        D:6 |     871 |      36 |   4.0 |      18 |       1 |   5.3
        D:7 |     891 |       0 |   0.0 |      18 |       0 |   0.0
        D:8 |     992 |    2527 |  71.8 |      27 |       4 |  12.9
        D:9 |    3021 |    1908 |  38.7 |      33 |      19 |  36.5
       D:10 |    3938 |    1849 |  32.0 |      30 |       9 |  23.1
       D:11 |    5317 |     909 |  14.6 |      20 |       6 |  23.1
       D:12 |    9766 |       0 |   0.0 |      53 |       0 |   0.0
       D:13 |   11446 |    3063 |  21.1 |      37 |      29 |  43.9
       D:14 |    8926 |       0 |   0.0 |      23 |       0 |   0.0
       D:15 |    9764 |    3178 |  24.6 |      28 |       8 |  22.2
     Lair:1 |    5463 |       0 |   0.0 |      23 |       0 |   0.0
     Lair:2 |    3489 |    1504 |  30.1 |      14 |       4 |  22.2
     Lair:3 |    4280 |     395 |   8.4 |      21 |       1 |   4.5
     Lair:4 |    6522 |       0 |   0.0 |      28 |       0 |   0.0
     Lair:5 |    2477 |    1430 |  36.6 |       5 |       2 |  28.6
     Lair:6 |   11011 |    8948 |  44.8 |      44 |      23 |  34.3
      Orc:1 |     787 |       0 |   0.0 |      13 |       0 |   0.0
      Orc:2 |    1390 |     139 |   9.1 |      17 |       3 |  15.0
      Sewer |       0 |     165 | 100.0 |       0 |       9 | 100.0
     Bailey |       0 |     358 | 100.0 |       0 |      34 | 100.0
            +---------+---------+-------+---------+---------+-------
